 Dungeon Crawl Stone Soup version 0.21.1-1-g345015f (webtiles) character file.

2076 Mgcat the Fighter (level 9, -6/85 HPs)
             Began as a Minotaur Fighter on Feb 8, 2018.
             Was an Elder of Uskayaw.
             Mangled by a troll (8 damage)
             ... on level 5 of the Dungeon.
             The game lasted 00:21:27 (4919 turns).

Mgcat the Fighter (Minotaur Fighter)                Turns: 4919, Time: 00:21:28

Health: -6/85      AC:  9    Str: 21    XL:     9   Next: 6%
Magic:  0/11       EV:  5    Int:  4    God:    Uskayaw [****..]
Gold:   36         SH:  9    Dex: 12    Spells: 8/8 levels left

rFire    . . .     SeeInvis .   a - +1 war axe
rCold    . . .     Gourm    .   c - +0 shield
rNeg     + + .     Faith    .   D - +0 chain mail of Xom's Delight {rN++ Int-2} (curse)
rPois    .         Spirit   +   (helmet restricted)
rElec    .         Reflect  .   (no cloak)
rCorr    .         Harm     .   (no gloves)
MR       .....                  (no boots)
Stlth    ..........             p - amulet of guardian spirit {Spirit}
HPRegen  0.24/turn              q - ring of loudness {Stlth-}
MPRegen  0.12/turn              (no ring)

@: no status effects
A: retaliatory headbutt, horns 2
a: Stomp, Line Pass, Renounce Religion


You were on level 5 of the Dungeon.
You worshipped Uskayaw.
Uskayaw was noncommittal.
You were very hungry.

You visited 1 branch of the dungeon, and saw 6 of its levels.
You also visited: Sewer.

You collected 283 gold pieces.
You spent 247 gold pieces at shops.

Inventory:

Hand Weapons
 a - a +1 war axe (weapon)
 C - a cursed +0 battleaxe
   (You took it off a wight on level 6 of the Dungeon)
Armour
 b - a +1 scale mail
 c - a +0 shield (worn)
 D - the cursed +0 chain mail of Xom's Delight (worn) {rN++ Int-2}
   (You bought it in a shop on level 5 of the Dungeon)

   It affects your intelligence (-2).
   It greatly protects you from negative energy.
   It has a curse placed upon it.
Jewellery
 p - an amulet of guardian spirit (around neck) {Spirit}
   (You found it on level 1 of the Dungeon)
 q - a ring of loudness (left hand) {Stlth-}
   (You found it on level 1 of the Dungeon)
Wands
 m - a wand of acid (15)
   (You took it off Ijyb on level 4 of the Dungeon)
Scrolls
 g - 2 scrolls of fog
 i - 2 scrolls of enchant armour
 j - 2 scrolls of immolation {!r}
 k - 4 scrolls of remove curse
 l - 2 scrolls of amnesia
 r - 2 scrolls of fear
 u - 6 scrolls of identify
 y - 4 scrolls of teleportation {unknown}
 B - a scroll of holy word {unknown}
Potions
 d - a potion of might
 e - a potion of invisibility {unknown}
 h - a potion of berserk rage {unknown}
 n - 3 potions of degeneration {unknown}
 o - 2 potions of brilliance {unknown}
 s - 2 potions of magic {unknown}
 t - 2 potions of heal wounds {unknown}
 v - 3 potions of flight
 w - 5 potions of curing {unknown}
 x - a potion of haste {unknown}
 z - a potion of lignification {unknown}
 A - a potion of cancellation {unknown}
Comestibles
 f - 11 rations


   Skills:
 + Level 10.0 Fighting
 + Level 9.6 Axes
 - Level 3.6 Armour
 - Level 3.6 Shields
 + Level 4.2 Invocations


You had 8 spell levels left.
You didn't know any spells.

Dungeon Overview and Level Annotations

Branches:
Dungeon (6/15)             Temple (0/1) D:6

Altars:
Cheibriados
Okawaru
Trog
Uskayaw

Shops:
D:5 [%(*


Innate Abilities, Weirdness & Mutations

You reflexively headbutt those who attack you in melee.
You have a pair of horns on your head.


Message History

Press: ? - help, Dir - move target cursor, f - wight
Aim: a wight, wielding a mace and wearing a robe (moderately damaged)
You can't stand on top of the monster!
Aiming: Line Pass
Press: ? - help, Dir - move target cursor, p - wight The wight appears confused.
You feel somewhat more hungry.
An orc priest comes into view. It is wielding a hand axe.
The orc priest shouts!
You block the gnoll's attack.
The orc priest moves out of view.
You are too injured to fight recklessly!
You are too injured to fight recklessly!
You are too injured to fight recklessly!
You are too injured to fight recklessly!
You slash the gnoll!
You kill the gnoll!
You have reached level 9!
Your experience leads to an increase in your attributes!
Your base attributes are Str 21, Int 5, Dex 12.
Increase (S)trength, (I)ntelligence, or (D)exterity?
You feel clever.
You barely miss the wight. The wight hits you but does no damage.
The gnoll hits you but does no damage.
A troll comes into view.
The troll shouts!
You slash the wight!
The wight is almost destroyed.
You catch the helpless wight completely off-guard!
You hit the wight but do no damage.
The wight seems less confused.
The orc priest invokes the aid of Beogh against you.
Beogh smites you! You block the wight's attack.
The gnoll hits you but does no damage. You block the wight's attack.
An orc comes into view. It is wielding a falchion.
You hit the wight.
The wight is almost destroyed.
You slash the wight!
The orc priest mumbles some strange prayers to Beogh against you.
Beogh smites you!
The wight hits you with an enchanted short sword!
* * * LOW HITPOINT WARNING * * *
You block the gnoll's attack. You block the wight's attack.
The wight hits you but does no damage.
Uskayaw will force your foes to helplessly watch your dance.
Uskayaw prepares the audience for your solo!
The helpless wight fails to defend itself.
You slash the wight!
You destroy the wight!
Your life force feels restored.
The helpless wight fails to defend itself.
You hit the wight but do no damage.
A quokka comes into view.
You are feeling very hungry.
The helpless wight fails to defend itself.
You slash the wight!
You destroy the wight!
Your Fighting skill increases to level 10!
The troll is no longer paralysed.
The orc priest is no longer paralysed.
The gnoll is no longer paralysed.
You block the gnoll's attack.
Uskayaw will force your foes to share their pain.
Uskayaw links your audience in an emotional bond!
An orc wizard comes into view. It is wielding a dagger.
You block the orc priest's attack. You block the gnoll's attack.
You hit the gnoll.
The gnoll is moderately wounded.
You hit the orc priest.
You kill the quokka!
You kill the orc priest!
The gnoll hits you but does no damage.
Your shield and chain mail of Xom's Delight prevent you from hitting the troll.
Your headbutt misses the troll.
The troll is moderately wounded.
You hit the gnoll but do no damage.
The troll is no longer sharing its pain.
The troll bites you!
* * * LOW HITPOINT WARNING * * *
You block the troll's attack. The troll claws you.
* * * LOW HITPOINT WARNING * * *
The gnoll hits you with a spear.
* * * LOW HITPOINT WARNING * * *
You don't have enough magic at the moment.
The orc wizard is no longer sharing its pain.
The orc is no longer sharing its pain.
The troll bites you but does no damage. The troll barely misses you.
The troll claws you but does no damage. The gnoll hits you but does no damage.
There is a stone staircase leading up here.
The gnoll is no longer sharing its pain.
You block the troll's attack.
The troll claws you but does no damage. x2
You block the orc's attack. The gnoll hits you but does no damage.
You climb upwards.
There is a stone staircase leading down here.
The troll barely misses you. You furiously retaliate!
You headbutt the troll. The troll claws you!
* * * LOW HITPOINT WARNING * * *
You block the troll's attack. The orc hits you but does no damage.
You block the gnoll's attack.
Uskayaw prepares the audience for your solo!
Unknown command.
Unknown command.
Unknown command.
The troll is no longer paralysed.
The troll closely misses you. You furiously retaliate!
You headbutt the troll! The troll claws you!
You die...

#.#.#######.#.##..######
........<..............#
#.#...#####.#..#..####.#
.....................#.#
รท....................#.#
.......####.##....##<#.#
..####.#
#.##....####.##### #.#
#.# #.##....# #.....# #.#
#.# #.##..@.# #####.# #.#
#.# #.###o.T# #.#
#.####.# #.# #.>## #.#
#......# #.# ##g# #.#
######'## #.# #.# #.# #
#...# #.####.### #.# #
#...# #.#......# #.# #
#...# #.#......# #.# #
#.).# #.#......# #.#


You could see a troll, a gnoll (paralysed) and an orc (paralysed).

Vanquished Creatures
  The ghost of Fairytaker the Conjurer, a novice DEFE (D:4)
  Grinder (D:3)
  Eustachio (D:6)
  A hungry ghost (D:5)
  2 phantoms
  2 ogres
  A centaur (D:6)
  The ghost of Mgcat the Digger, an amateur GrEE (D:3)
  A scorpion (D:5)
  6 wights (D:6)
  2 howler monkeys
  A gnoll shaman (D:5)
  A jelly (D:5)
  An orc priest (D:6)
  Ijyb (D:4)
  An orc wizard (D:4)
  4 worker ants
  A hound zombie (D:5)
  3 gnolls
  10 adders
  2 river rats (D:4)
  3 worms
  A dart slug (D:2)
  3 leopard geckos
  4 orcs
  9 ball pythons
  5 giant cockroaches
  7 goblins
  6 hobgoblins
  17 jackals
  13 kobolds
  3 quokkas
  10 bats
  7 frilled lizards
  A jackal skeleton (D:5)
  A quokka skeleton (D:5)
  9 rats
143 creatures vanquished.

Vanquished Creatures (others)
  A plant (Sewer)
1 creature vanquished.

Grand Total: 144 creatures vanquished

Notes
Turn   | Place    | Note
-------+----------+-------------------------------------------
     0 | D:1      | Mgcat the Minotaur Fighter began the quest for the Orb.
     0 | D:1      | Reached XP level 1. HP: 19/19 MP: 0/0
   132 | D:1      | Reached skill level 4 in Fighting
   155 | D:1      | Reached XP level 2. HP: 27/27 MP: 1/1
   164 | D:1      | Reached skill level 3 in Axes
   297 | D:1      | Reached XP level 3. HP: 32/34 MP: 2/2
   658 | D:2      | Found a snail-covered altar of Cheibriados.
   666 | D:2      | Found a hide-covered altar of Uskayaw.
   666 | D:2      | Found a bloodstained altar of Trog.
   675 | D:2      | Became a worshipper of Uskayaw the Reveler
   725 | D:2      | Reached * piety under Uskayaw
   748 | D:2      | Reached ** piety under Uskayaw
   749 | D:2      | Reached skill level 5 in Fighting
   749 | D:2      | Reached skill level 4 in Axes
   749 | D:2      | Reached XP level 4. HP: 39/42 MP: 3/3
   749 | D:2      | Reached *** piety under Uskayaw
   757 | D:2      | Reached **** piety under Uskayaw
  1129 | D:3      | Reached XP level 5. HP: 48/48 MP: 4/4
  1150 | D:3      | Found a faded altar of an unknown god.
  1267 | D:3      | Noticed Grinder
  1269 | D:3      | Paralysed by Grinder for 6 turns
  1293 | D:3      | Killed Grinder
  1293 | D:3      | Reached skill level 6 in Fighting
  1293 | D:3      | Reached skill level 6 in Axes
  1293 | D:3      | Reached XP level 6. HP: 22/58 MP: 2/5
  1594 | D:3      | Noticed Mgcat's ghost (amateur GrEE)
  1603 | D:3      | Killed Mgcat's ghost
  2070 | D:4      | Noticed Fairytaker's ghost (novice DEFE)
  2075 | D:4      | Killed Fairytaker's ghost
  2075 | D:4      | Reached skill level 7 in Fighting
  2075 | D:4      | Reached skill level 7 in Axes
  2075 | D:4      | Reached XP level 7. HP: 66/67 MP: 6/6
  2095 | D:4      | Reached skill level 8 in Fighting
  2127 | D:4      | Found a glowing drain.
  2148 | D:4      | Noticed Ijyb
  2159 | D:4      | Killed Ijyb
  2269 | Sewer    | Entered a sewer
  3073 | D:4      | Reached skill level 8 in Axes
  3593 | D:4      | Found an iron altar of Okawaru.
  3684 | D:5      | Entered Level 5 of the Dungeon
  3778 | D:5      | Noticed a hungry ghost
  3788 | D:5      | Reached XP level 8. HP: 75/75 MP: 3/7
  3819 | D:5      | Reached skill level 1 in Invocations
  3825 | D:5      | Reached skill level 9 in Fighting
  3825 | D:5      | Reached skill level 2 in Invocations
  4194 | D:5      | Found Fiosk's Antique Armour Shoppe.
  4197 | D:5      | Bought a warped chain mail for 247 gold pieces
  4207 | D:5      | Identified the cursed +0 chain mail of Xom's Delight {rN++ Int-2} (You bought it in a shop on level 5 of the Dungeon)
  4262 | D:5      | Found Buirempaenn's Weapon Emporium.
  4269 | D:5      | Found Vuumnatse's Assorted Antiques.
  4355 | D:5      | Found Gudaikk's Food Shop.
  4494 | D:6      | Noticed Eustachio
  4501 | D:6      | HP: 17/78 [ogre/giant club (25)]
  4503 | D:6      | Reached skill level 9 in Axes
  4503 | D:6      | HP: 6/78 [centaur/enchanted shortbow (4)]
  4505 | D:6      | Reached skill level 3 in Invocations
  4748 | D:6      | Killed Eustachio
  4764 | D:6      | Found a staircase to the Ecumenical Temple.
  4904 | D:6      | Reached skill level 4 in Invocations
  4907 | D:6      | Reached XP level 9. HP: 55/85 MP: 5/11
  4908 | D:6      | Noticed a troll
  4911 | D:6      | Reached skill level 10 in Fighting
  4914 | D:6      | HP: 11/85 [troll (12)]
  4918 | D:5      | HP: 1/85 [troll (7)]
  4919 | D:5      | Mangled by a troll

Skill      XL: |  1  2  3  4  5  6  7  8  9 |
---------------+----------------------------+-----
Fighting       | 4 5 6 7 8 9 10 | 10.0
Axes           | 3 4 6 7 8 9 |  9.6
Invocations    | 4 |  4.2
Armour         | |  3.6
Shields        | |  3.6

Action                   |  1- 3 |  4- 6 |  7- 9 || total
-------------------------+-------+-------+-------++-------
Melee: War axe           |    75 |    71 |   216 ||   362
       Headbutt          |    14 |     7 |    34 ||    55
Invok: Stomp             |       |     1 |     4 ||     5
       Line Pass         |       |       |     2 ||     2
  Use: Scroll            |       |     9 |       ||     9
 Stab: Paralysed         |       |     1 |    10 ||    11
       Confused          |       |       |     1 ||     1
  Eat: Chunk             |       |     3 |     8 ||    11
       Ration            |       |       |     2 ||     2
Armor: Scale mail        |    35 |    17 |    48 ||   100
       Chain mail        |       |       |    39 ||    39
Dodge: Dodged            |    37 |    15 |    53 ||   105
Block: Shield            |    41 |    33 |   113 ||   187

Vault maps used:
D:1:      dpeg_arrival_boxorama
D:2:      gammafunk_temple_overflow_forgotten, hex_medium
D:3:      chequers_ecumenical_altar_island, st_stairs_8, uniq_grinder
D:4:      lemuel_round_altar, portal_sewer_entry_b, first_ration,
          minmay_misc_feat_nine_boxes, uniq_ijyb
D:5:      serial_shops, nicolae_shop_behind_doors, kennysheep_mini,
          nicolae_shop_stone, nicolae_shop_behind_doors, minmay_checkerbox
D:6:      cheibrodos_fzero, minmay_temple_entry_trees, basic_altar,
          serial_shops, shop_fountains, uniq_eustachio, uniq_sigmund
Sewer:    sewer_co_scattered_pipes

Table legend:
 A = Turns spent in this place as a percentage of turns spent in the entire game.
 B = Non-inter-level travel turns spent in this place as a percentage of non-inter-level travel turns spent in the entire game.
 C = Inter-level travel turns spent in this place as a percentage of turns spent in this place.
 D = Turns resting spent in this place as a percentage of non-inter-level travel turns spent in this place.
 E = Turns spent auto-exploring this place as a percentage of non-inter-level travel turns spent in this place.
 F = Non-inter-level travel turns spent in this place divided by the number of levels of this place that you've seen.
                   A       B       C       D       E      F
               +-------+-------+-------+-------+-------+----------------------
         Total | 100.0 | 100.0 |   1.8 |   3.4 |  77.4 | 690.3
       Dungeon |  88.0 |  87.8 |   2.0 |   3.9 |  77.4 | 707.2
         Sewer |  12.0 |  12.2 |   0.0 |   0.0 |  77.4 | 589.0
               +-------+-------+-------+-------+-------+----------------------

Table legend:
 A = Kills in this place as a percentage of kills in entire the game.
 B = Kills by you in this place as a percentage of kills by you in the entire game.
 C = Kills by friends in this place as a percentage of kills by friends in the entire game.
 D = Other kills in this place as a percentage of other kills in the entire game.
 E = Experience gained in this place as a percentage of experience gained in the entire game.
 F = Experience gained in this place divided by the number of levels of this place that you have seen.
                   A       B       C       D       E      F
               +-------+-------+-------+-------+-------+----------------------
         Total | 100.0 | 100.0 |   N/A |   N/A | 100.0 | 423.9
       Dungeon |  86.7 |  86.7 |   N/A |   N/A |  97.8 | 483.7
         Sewer |  13.3 |  13.3 |   N/A |   N/A |   2.2 |  65.0
               +-------+-------+-------+-------+-------+----------------------
